 Dungeon Crawl Stone Soup version 0.21.0-3-g78d12a8 (webtiles) character file.

3515 dobroeutro the Carver (level 9, 0/71 HPs)
             Began as a Demonspawn Fighter on Jan 14, 2018.
             Slain by an orc wizard
             ... wielding a +2 dagger of electrocution
              (19 damage)
             ... on level 7 of the Dungeon.
             The game lasted 00:17:50 (8955 turns).

dobroeutro the Carver (Demonspawn Fighter)          Turns: 8955, Time: 00:17:50

Health: 0/71       AC:  7    Str: 20    XL:     9   Next: 81%
Magic:  9/9        EV: 10    Int:  9    God:
Gold:   354        SH:  0    Dex: 13    Spells: 8/8 levels left

rFire    . . .     SeeInvis .   a - +1 long sword
rCold    . . .     Gourm    .   c - +1 shield
rNeg     . . .     Faith    .   b - +0 scale mail
rPois    +         Spirit   .   (helmet restricted)
rElec    .         Reflect  +   (no cloak)
rCorr    .         Harm     .   (no gloves)
MR       .....                  (no boots)
Stlth    ..........             o - +3 amulet of reflection
HPRegen  0.21/turn              t - ring of poison resistance
MPRegen  0.11/turn              (no ring)

@: confused
A: horns 1, large bone plates 1, foul stench 1, powered by pain 1, rot immunity
a: no special abilities


You were on level 7 of the Dungeon.
You were not hungry.

You visited 2 branches of the dungeon, and saw 9 of its levels.
You also visited: Sewer and Ossuary.

You collected 354 gold pieces.

Inventory:

Hand Weapons
 a - a +1 long sword (weapon)
Armour
 b - a +0 scale mail (worn)
 c - a +1 shield (worn)
Jewellery
 o - a +3 amulet of reflection (around neck)
 t - a ring of poison resistance (left hand)
Wands
 r - a wand of flame (78)
 s - a wand of iceblast (13)
 C - a wand of paralysis (15)
Scrolls
 e - 3 scrolls of blinking
 h - 6 scrolls of teleportation
 k - 5 scrolls of identify
 m - a scroll of amnesia
 p - 4 scrolls of fog
 y - 4 scrolls of remove curse
 A - 2 scrolls of fear {unknown}
 B - a scroll of acquirement {unknown}
Potions
 d - 2 potions of might
 g - 2 potions of invisibility
 i - 2 potions of brilliance {unknown}
 j - 2 potions of agility
 l - 3 potions of haste {unknown}
 n - a potion of degeneration {unknown}
 q - 3 potions of heal wounds
 u - 2 potions of lignification {unknown}
 v - a potion of cancellation {unknown}
 w - 2 potions of mutation {unknown}
 x - 3 potions of curing {unknown}
 z - a potion of flight {unknown}
Comestibles
 f - 6 rations


   Skills:
 + Level 6.7 Fighting
 + Level 8.9 Long Blades
 + Level 6.1 Armour
 + Level 5.3 Dodging
 - Level 2.6 Shields


You had 8 spell levels left.
You didn't know any spells.

Dungeon Overview and Level Annotations

Branches:
Dungeon (8/15)             Temple (1/1) D:6
   Lair: D:8-11

Altars:
Ashenzari
Cheibriados
Elyvilon
Fedhas
Gozag
Hepliaklqana
Kikubaaqudgha
Makhleb
Nemelex Xobeh
Okawaru
Qazlal
Ru
Sif Muna
Trog
Vehumet
Wu Jian
Xom
Yredelemnul
Zin
The Shining One

Annotations:
D:4 nikopol's ghost, amateur MiBe
D:6 BABULAY's ghost, novice TrBe


Innate Abilities, Weirdness & Mutations

You have a pair of small horns on your head.
You are partially covered in large bone plates. (SH +4)
You may emit foul miasma when damaged in melee.
You sometimes gain a little power by taking damage.
You are immune to rotting.


Message History

The orc priest calls upon Beogh to heal the orc.
The orc is healed somewhat.
In your confused state, you trip and fall back down the stairs.
The orc wizard hits you but does no damage.
Something hits you but does no damage. The orc hits you with a hand axe.
The orc wizard hits you but does no damage.
You hear some strange, mumbled words.
You are more confused.
The orc priest begins to cast a cantrip, but forgets the words!
You climb upwards.
There is a stone staircase leading down here.
Unknown command.
You can't go up here!
Unknown command.
You bump into the rock wall.
The orc hits you but does no damage. The orc wizard casts a spell at you.
The magic dart hits you!
* * * LOW HITPOINT WARNING * * *
Something hits you but does no damage.
You are electrocuted!
You die...

#.....# #.
##....####.
#..<......
######...####.
#....#...####.
#....#.#......
#####.............
#[o...............
####@................
#..o.{.#######.......
#......# #........
#......# ##.......
#......#######.......
#...........##.......
#...........##.......
#...........##.......
#####
#...........###......


You could see an orc wizard and an orc.

Vanquished Creatures
  A wraith (Ossuary)
  3 water moccasins (D:7)
  A black bear (D:7)
  3 phantoms
  A sky beast (D:7)
  An ogre (D:7)
  An orc warrior (D:7)
  3 centaurs
  A big kobold (D:7)
  5 bullfrogs
  2 scorpions
  13 killer bees (D:8)
  3 crimson imps
  2 bullfrog zombies
  2 hounds (D:6)
  A jelly (D:8)
  2 orc priests
  3 centaur skeletons
  5 worker ants
  4 iguanas
  An orc wizard (D:6)
  A hound skeleton (D:7)
  A mummy (Ossuary)
  A worker ant zombie (D:6)
  3 gnolls (D:3)
  3 river rats (D:3)
  13 adders
  4 shadow imps
  10 oozes (Sewer)
  An adder skeleton (D:7)
  An adder zombie (D:5)
  A dart slug (D:6)
  3 worms
  15 leopard geckos
  20 orcs
  11 ball pythons
  10 bats
  15 giant cockroaches
  5 goblins
  7 hobgoblins
  6 jackals
  13 kobolds
  2 quokkas
  14 frilled lizards
  8 gnoll skeletons (Ossuary)
  5 kobold skeletons (Ossuary)
  A leopard gecko skeleton (D:4)
  12 orc skeletons (Ossuary)
  A quokka zombie (D:8)
  10 rats
255 creatures vanquished.

Vanquished Creatures (others)
  A quokka (D:7)
1 creature vanquished.

Grand Total: 256 creatures vanquished

Notes
Turn   | Place    | Note
-------+----------+-------------------------------------------
     0 | D:1      | dobroeutro the Demonspawn Fighter began the quest for the Orb.
     0 | D:1      | Reached XP level 1. HP: 18/18 MP: 1/1
    45 | D:1      | Reached skill level 2 in Long Blades
    72 | D:1      | Gained mutation: You are partially covered in large bone plates. (SH +4) [demonic ancestry]
    72 | D:1      | Reached XP level 2. HP: 7/24 MP: 2/2
   828 | D:2      | Reached skill level 3 in Long Blades
   847 | D:2      | Gained mutation: You have a pair of small horns on your head. [demonic ancestry]
   847 | D:2      | Reached XP level 3. HP: 27/29 MP: 3/3
  1031 | D:2      | Reached skill level 4 in Long Blades
  1031 | D:2      | Reached XP level 4. HP: 27/35 MP: 4/4
  1374 | D:3      | Found a sacrificial altar of Ru.
  1428 | D:3      | Found a glowing drain.
  1445 | Sewer    | Entered a sewer
  1653 | Sewer    | Gained mutation: You are immune to rotting. [demonic ancestry]
  1653 | Sewer    | Reached XP level 5. HP: 41/41 MP: 5/5
  1716 | Sewer    | Reached skill level 5 in Long Blades
  2145 | Sewer    | Reached XP level 6. HP: 24/47 MP: 6/6
  2146 | Sewer    | Reached skill level 6 in Long Blades
  3479 | D:4      | Found a bloodstained altar of Trog.
  3569 | D:4      | Noticed nikopol's ghost (amateur MiBe)
  3963 | D:4      | Gained mutation: You may emit foul miasma when damaged in melee. [demonic ancestry]
  3963 | D:4      | Reached XP level 7. HP: 44/52 MP: 7/7
  4072 | D:4      | Reached skill level 7 in Long Blades
  4072 | D:4      | Reached skill level 1 in Dodging
  4766 | D:5      | Entered Level 5 of the Dungeon
  5769 | D:5      | Reached XP level 8. HP: 56/60 MP: 8/8
  6004 | D:6      | Found a white marble altar of Elyvilon.
  6033 | D:6      | Noticed BABULAY's ghost (novice TrBe)
  6320 | D:6      | Found a staircase to the Ecumenical Temple.
  6353 | Temple   | Entered the Ecumenical Temple
  6957 | D:7      | Reached skill level 5 in Fighting
  7025 | D:7      | Found a white marble altar of Elyvilon.
  7049 | D:7      | Reached skill level 8 in Long Blades
  7187 | D:7      | Reached skill level 5 in Armour
  7187 | D:7      | Gained mutation: You sometimes gain a little power by taking damage. [demonic ancestry]
  7187 | D:7      | Reached XP level 9. HP: 49/68 MP: 9/9
  7221 | D:7      | Found a sand-covered staircase.
  7230 | Ossuary  | Entered an ossuary
  8211 | D:8      | Reached skill level 5 in Dodging
  8517 | D:8      | Noticed a queen bee
  8578 | D:8      | Found an ancient bone altar of Kikubaaqudgha.
  8579 | D:8      | Found a bloodstained altar of Trog.
  8580 | D:8      | Found a burning altar of Makhleb.
  8580 | D:8      | Found a stormy altar of Qazlal.
  8580 | D:8      | Found an iron altar of Okawaru.
  8580 | D:8      | Found a hazy altar of Hepliaklqana.
  8955 | D:7      | Slain by an orc wizard

Skill      XL: |  1  2  3  4  5  6  7  8  9 |
---------------+----------------------------+-----
Long Blades    | 2 3 4 5 6 7 8 |  8.9
Armour         | 3 5 6 |  6.1
Dodging        | 2 4 5 |  5.3
Fighting       | 4 5 6 |  6.7
Shields        | |  2.6

Action                   |  1- 3 |  4- 6 |  7- 9 || total
-------------------------+-------+-------+-------++-------
Melee: Long sword        |   121 |   301 |   540 ||   962
       Headbutt          |     9 |    56 |   104 ||   169
Evoke: Wand              |       |       |     1 ||     1
  Use: Scroll            |       |     8 |     3 ||    11
       Potion            |       |     1 |     2 ||     3
  Eat: Chunk             |       |    11 |     8 ||    19
       Ration            |       |       |     3 ||     3
Armor: Scale mail        |    59 |   100 |   117 ||   276
Dodge: Dodged            |    36 |    76 |   148 ||   260
Block: Shield            |   112 |   202 |   407 ||   721
       Reflection        |       |       |     9 ||     9
       Rpst.: Long sword |     8 |    22 |    34 ||    64
